 Dungeon Crawl Stone Soup version 0.30-a0-728-gc68057be0a (webtiles) character file.

Game seed: 7090930818275169176

131 DavidChitty2 the Shield-Bearer (level 4, -1/41 HPs)
             Began as a Minotaur Fighter on Jan 30, 2023.
             Slain by a gnoll
             ... wielding a +0 whip
              (3 damage)
             ... on level 3 of the Dungeon.
             The game lasted 00:02:32 (1872 turns).

DavidChitty2 the Shield-Bearer (Minotaur Fighter)   Turns: 1872, Time: 00:02:33

Health: -1/41      AC:  8    Str: 22    XL:     4   Next: 91%
Magic:  3/3        EV: 14    Int:  5    God:
Gold:   157        SH:  4    Dex: 10    Spells: 3/3 levels left

rFire   . . .      SeeInvis .    a - +0 war axe
rCold   . . .      Faith    .    c - +0 buckler
rNeg    + . .      Spirit   .    b - +0 scale mail
rPois   .          Reflect  .    (helmet restricted)
rElec   .          Harm     .    (no cloak)
rCorr   .          Rampage  .    (no gloves)
Will    .....                    f - +0 pair of boots Stlth
                                 (no amulet)
HPRegen 0.26/turn                e - ring of positive energy
MPRegen 0.08/turn                j - +5 ring of evasion

@: no status effects
A: horns 2, retaliatory headbutt
a: no special abilities


You were on level 3 of the Dungeon.
You visited 1 branch of the dungeon, and saw 3 of its levels.

You collected 157 gold pieces.

Inventory:

Hand Weapons
 a - a +0 war axe (weapon)
Armour
 b - a +0 scale mail (worn)
 c - a +0 buckler (worn)
 f - a +0 pair of boots (worn)
   (You found it on level 1 of the Dungeon)
 h - an orb of mayhem
   (You found it on level 2 of the Dungeon)
Jewellery
 e - a ring of positive energy (left hand)
   (You found it on level 1 of the Dungeon)
 j - a +5 ring of evasion (right hand)
   (You found it on level 2 of the Dungeon)
 q - a ring of flight
   (You found it on level 3 of the Dungeon)
Wands
 t - a wand of flame (6)
   (You took it off Ijyb on level 3 of the Dungeon)
Scrolls
 g - 2 scrolls of noise {unknown}
 i - a scroll of blinking {unknown}
 k - a scroll of identify {unknown}
 m - 2 scrolls of fear {unknown}
 p - a scroll of brand weapon {unknown}
 r - a scroll of teleportation {unknown}
Potions
 d - a potion of might
 l - a potion of resistance {unknown}
 n - a potion of heal wounds {unknown}
 o - a potion of mutation {unknown}
 s - a potion of lignification {unknown}
 u - a potion of haste {unknown}


   Skills:
 + Level 4.3 Fighting
 * Level 4.3 Axes
 + Level 4.4 Armour
 + Level 4.4 Shields


You had 3 spell levels left.
You didn't know any spells.
Your spell library was empty.

Dungeon Overview and Level Annotations

Branches:
Dungeon (3/15)

Altars:
Fedhas


Innate Abilities, Weirdness & Mutations

You have a pair of horns on your head.
You reflexively headbutt those who attack you in melee.


Message History

No target in view!
No target in view!
No target in view!
No target in view!
No target in view!
You see here a giant cockroach corpse. 3 gnolls come into view.
The gnoll shouts! x3
The gnoll misses you. You block the gnoll's attack.
A gnoll comes into view. It is wielding a +0 spear.
You barely miss the gnoll.
The gnoll shouts!
The gnoll hits you but does no damage.
You barely miss the gnoll. The gnoll hits you with a +0 whip.
The gnoll hits you but does no damage.
You hit the gnoll.
You headbutt the gnoll, but do no damage.
You closely miss the gnoll. The gnoll hits you with a +0 whip.
The gnoll hits you with a +0 club!
You slash the gnoll!
You kill the gnoll!
You closely miss the gnoll. The gnoll hits you with a +0 whip.
The gnoll hits you from afar with a +0 spear.
* * * LOW HITPOINT WARNING * * *
You block the gnoll's attack. The gnoll closely misses you.
The gnoll hits you but does no damage.
You see here a +0 club.
You barely miss the gnoll. You hit the gnoll. You block the gnoll's attack. x2
The gnoll hits you with a +0 whip.
* * * LOW HITPOINT WARNING * * *
You block the gnoll's attack. The gnoll hits you with a +0 spear.
* * * LOW HITPOINT WARNING * * *
The gnoll barely misses you. The gnoll hits you but does no damage.
You block the gnoll's attack.
You barely miss the gnoll. You headbutt the gnoll. You closely miss the gnoll.
You hit the gnoll. The gnoll barely misses you. The gnoll closely misses you.
The gnoll hits you with a +0 spear.
* * * LOW HITPOINT WARNING * * *
You slash the gnoll!
You hit the gnoll. x2; You block the gnoll's attack.
The gnoll hits you with a +0 spear.
* * * LOW HITPOINT WARNING * * *
The gnoll closely misses you.
You closely miss the gnoll. You hit the gnoll. x2
The gnoll closely misses you. You block the gnoll's attack.
The gnoll hits you with a +0 spear.
* * * LOW HITPOINT WARNING * * *
The gnoll hits you with a +0 spear.
* * * LOW HITPOINT WARNING * * *
The gnoll hits you with a +0 whip.
You die...

##.....#####.#
#.†.#...####.###
##.###.......... #.##
##.........
##.###........##
##.#...#.#.#.##
#####.#..........
#.####g..#.##.#.#.#.#.
#...g@)#............##
######g..#.#..#.#.#.##
########.##.......##
#........###########
#.######## ##### #.#
#.... #.# #.### #.#
#.### ####.# #####
#....


You could see 3 gnolls.

Vanquished Creatures
  Ijyb (D:3)
  A gnoll (D:3)
  3 adders (D:2)
  2 worms (D:2)
  A dart slug (D:1)
  2 orcs (D:3)
  10 ball pythons
  2 endoplasms
  4 giant cockroaches
  5 hobgoblins
  4 jackals (D:1)
  3 quokkas
  5 bats
  5 frilled lizards
  3 goblins
  4 kobolds
  3 rats
58 creatures vanquished.

Notes
Turn   | Place    | Note
-------+----------+-------------------------------------------
     0 | D:1      | DavidChitty2 the Minotaur Fighter began the quest for the
                  | Orb.
     0 | D:1      | Reached XP level 1. HP: 19/19 MP: 0/0
    60 | D:1      | Reached XP level 2. HP: 26/27 MP: 1/1
   422 | D:1      | Reached XP level 3. HP: 33/33 MP: 2/2
  1008 | D:2      | Reached XP level 4. HP: 40/40 MP: 3/3
  1661 | D:3      | Noticed Ijyb
  1664 | D:3      | Killed Ijyb
  1699 | D:3      | Found a blossoming altar of Fedhas.
  1872 | D:3      | HP: 2/41 [gnoll/+0 spear (4)]
  1872 | D:3      | Slain by a gnoll

Illustrated notes

Levels and vault maps discovered:
D:1:      psy_arrival_terrarium, layout_loops_ring,
          kennysheep_decorative_pillar, nrook_loot_triangle, st_stairs_8
D:2:      layout_basic
D:3:      layout_loops_ring, fedhas_altar_3, serial_glass, glass_columns_a,
          glass_columns_a, glass_columns_a, glass_columns_b, glass_columns_a,
          glass_columns_a, feat_on_display, item_on_display_a,
          hangedman_decor_opposing, uniq_ijyb

Skill      XL: |  1  2  3  4 |
---------------+-------------+-----
Axes           | 3 4 |  4.3
Fighting       | 4 |  4.3
Armour         | 4 |  4.4
Shields        | 4 |  4.4

Action                     |  1- 3 |  4- 6 || total
---------------------------+-------+-------++-------
  Melee: War axe           |    82 |    43 ||   125
         Headbutt          |     9 |     5 ||    14
 Armour: Scale mail        |    45 |    10 ||    55
  Dodge: Dodged            |    44 |    20 ||    64
  Block: Buckler           |    18 |    13 ||    31

Table legend: (Time is in decaauts)
 A = Elapsed time spent in this place.
 B = Non-inter-level travel time spent in this place.
 C = Inter-level travel time spent in this place.
 D = Time resting spent in this place.
 E = Time spent auto-exploring this place.
 F = Levels seen in this place.
 G = Mean time per level.
                   A        B        C        D        E       F      G
               +--------+--------+--------+--------+--------+-----+--------+
         Total |   1916 |   1815 |    101 |      0 |   1430 |   3 |  638.7 |
       Dungeon |   1916 |   1815 |    101 |      0 |   1430 |   3 |  638.7 |
               +--------+--------+--------+--------+--------+-----+--------+

Top non-repeatable levels by time:
     D:2: 805 daAuts
     D:1: 660 daAuts
     D:3: 451 daAuts
